 Dungeon Crawl Stone Soup version 0.27-a0-1202-ge72e49191c (console) character file.

Game seed: 18415478305327750258

12320 jejorda2 the Fencer (level 11, -2/121 HPs)
             Began as a Merfolk Berserker on June 4, 2021.
             Was an Elder of Trog.
             Slain by a starspawn tentacle (3 damage)
             ... attached to a tentacled starspawn
             ... on level 2 of the Abyss.
             The game lasted 00:30:14 (12473 turns).

jejorda2 the Fencer (Merfolk Berserker)            Turns: 12473, Time: 00:30:16

Health: -2/121     AC: 21    Str: 21    XL:     11   Next: 91%
Magic:  11/11      EV:  3    Int:  6    God:    Trog [****..]
Gold:   280        SH: 17    Dex: 14    Spells: 10/10 levels left

rFire    . . .     SeeInvis .   a - +2 long sword (vorpal)
rCold    + . .     Faith    .   s - +0 kite shield
rNeg     . . .     Spirit   .   L - +2 plate armour {rPois}
rPois    +         Reflect  +   y - +2 helmet
rElec    .         Harm     .   z - scarf {repulsion}
rCorr    .         Rampage  .   (no gloves)
Will     .....                  h - +2 pair of boots
Stlth    ..........             u - amulet of reflection
HPRegen  0.00/turn              H - ring "Ywnedub" {rC+ Stlth+}
MPRegen  0.12/turn              (no ring)

@: berserking, diseased, constricted, studying Shields, repel missiles, very
quick
A: (nimble swimmer 2), mertail
a: Renounce Religion, Berserk, Trog's Hand, Brothers in Arms


You were on level 2 of the Abyss.
You worshipped Trog.
Trog was greatly pleased with you.
You visited 1 branch of the dungeon, and saw 11 of its levels.
You visited the Abyss 1 time.
You also visited: Sewer and Bailey.

You collected 422 gold pieces.
You spent 142 gold pieces at shops.

Inventory:

Hand Weapons
 a - a +2 vorpal long sword (weapon)
 m - a +2 long sword of draining
 N - a +3 morningstar of flaming
Missiles
 l - 5 silver boomerangs (quivered)
 q - 59 poisoned darts
 D - 6 curare-tipped darts
 E - 12 throwing nets
 I - 2 boomerangs
Armour
 h - a +2 pair of boots (worn)
 s - a +0 kite shield (worn)
 y - a +2 helmet (worn)
 z - a scarf of repulsion (worn)
 L - a +2 plate armour of poison resistance (worn)
 M - a +3 chain mail of cold resistance
Jewellery
 u - an amulet of reflection (around neck)
 H - the ring "Ywnedub" (left hand) {rC+ Stlth+}
   (You found it on level 7 of the Dungeon)

   [ring of protection from cold]

   It protects you from cold.
   It makes you more stealthy.
Wands
 c - a wand of iceblast (9)
 e - a wand of charming (8)
 x - a wand of acid (7)
 B - a wand of mindburst (21)
 C - a wand of paralysis (7)
 G - a wand of flame (31)
Scrolls
 d - a scroll of magic mapping
 g - a scroll of blinking
 o - a scroll of holy word
 v - 2 scrolls of identify
 F - 2 scrolls of teleportation
 J - a scroll of fear
Potions
 b - 12 potions of curing
 f - a potion of cancellation
 i - 6 potions of haste
 j - a potion of lignification
 k - 7 potions of flight
 n - 2 potions of mutation
 p - a potion of attraction
 r - 2 potions of heal wounds
 w - a potion of might
Miscellaneous
 t - a lightning rod (1/4)


   Skills:
 - Level 6.0 Fighting
 * Level 15.5 Long Blades
 - Level 6.0 Armour
 - Level 2.6 Dodging
 + Level 10.3 Shields


You had 10 spell levels left.
You didn't know any spells.
Your spell library was empty.

Dungeon Overview and Level Annotations

Branches:
Dungeon (11/15)            Temple (0/1) D:6            Lair (0/6) D:10
  Sewer (visited)          Bailey (visited)
    Orc: D:9-12

Altars:
Dithmenos
Elyvilon
Gozag
Hepliaklqana
Kikubaaqudgha
Nemelex Xobeh
Ru
Trog
Vehumet
Wu Jian
Zin
The Shining One

Shops:
D:9 [   D:10 *

Annotations:
D:6 5 runed translucent doors, exclusion: 3 doors
D:10 1 runed translucent door, 1 transporter, exclusion: door, robertstho's ghost, novice TrBe


Innate Abilities, Weirdness & Mutations

((You are quick and stealthy near water. (Stealth+, EV+, Speed+++)))
Your lower body shifts to a powerful aquatic tail in water.


Message History

You slash the tentacled starspawn!
The tentacled starspawn is lightly damaged.
The tentacled starspawn bites you!
You block the tentacled starspawn's attack.
You hit the tentacled starspawn.
The tentacled starspawn is moderately damaged.
You feel yourself growing ill in the presence of the ancient zyme.
Tentacles burst from the starspawn's body! 2 starspawn tentacles come into view.
A red film seems to cover your vision as you go berserk!
You feel yourself moving faster!
You feel mighty! The tentacled starspawn bites you!!
* * * LOW HITPOINT WARNING * * *
The tentacled starspawn tentacle-slaps you but does no damage.
You block the starspawn tentacle's attack.
You slash the tentacled starspawn!
The tentacled starspawn is moderately damaged.
You slash the tentacled starspawn!
The tentacled starspawn is heavily damaged.
You block the tentacled starspawn's attack. x2
The starspawn tentacle grabs you. The starspawn tentacle constricts you.
You hit the tentacled starspawn but do no damage.
The starspawn tentacle loses its grip on you.
The tentacled starspawn is heavily damaged.
You hit the tentacled starspawn.
The tentacled starspawn is heavily damaged.
The tentacled starspawn bites you!!
* * * LOW HITPOINT WARNING * * *
The tentacled starspawn tentacle-slaps you but does no damage.
You block the starspawn tentacle's attack.
The starspawn tentacle closely misses you.
You slash the tentacled starspawn!
The tentacled starspawn is severely damaged.
You slash the tentacled starspawn!
The tentacled starspawn is severely damaged.
You feel ill.
The tentacled starspawn barely misses you.
You block the tentacled starspawn's attack.
The starspawn tentacle grabs you.
You die...

Xw#.# ....
.... ##
..# ##..
..#...#
.#.. #x.#
####X.## #
#. #.@w>#
.
##....w##
##.##...##
.
..##...#.#
..#..#
##.#..#
.##. ## .#
# # . . #
##.#
#..##.#.
#..


You could see a tentacled starspawn, an ancient zyme and 2 starspawn tentacles.

Vanquished Creatures
  Erolcha (D:9)
  2 two-headed ogres
  Pikel (D:5)
  A cyclops (D:10)
  2 toenail golems (D:10)
  A troll (D:10)
  A hornet (D:8)
  A wraith (D:10)
  2 wyverns (D:9)
  A vampire (D:10)
  12 yaks (D:8)
  2 shadows
  2 steam dragons
  3 vampire mosquitoes (D:10)
  2 wargs (D:10)
  2 water moccasins
  2 orc warriors (D:10)
  2 ice beasts (D:7)
  3 black bears
  4 necrophages
  5 centaurs
  A lemure (D:5)
  A phantom (D:2)
  2 kobold brigands
  2 bullfrogs
  A wyvern zombie (D:7)
  8 gnoll sergeants (Bailey)
  2 scorpions
  2 wyvern skeletons (D:7)
  9 killer bees
  A wight (D:9)
  2 electric eels (D:9)
  4 howler monkeys
  A bullfrog zombie (D:6)
  4 centaur zombies (D:9)
  6 gnoll shamans (Bailey)
  4 hounds
  5 orc priests
  Terence (D:3)
  3 iguanas
  5 orc wizards
  2 killer bee zombies
  A small abomination (Abyss:2)
  A mummy (D:9)
  2 howler monkey zombies
  17 gnolls
  10 adders
  6 river rats
  A shadow imp (D:9)
  An ufetubus (D:7)
  A worm (D:2)
  29 orcs
  3 bats (D:2)
  8 endoplasms
  A giant cockroach (D:1)
  8 goblins
  9 hobgoblins
  10 jackals
  3 quokkas
  6 ball pythons
  A frilled lizard (D:1)
  16 kobolds
  14 rats
266 creatures vanquished.

Vanquished Creatures (collateral kills)
  An acid dragon (D:10)
  An orc (D:10)
  A hobgoblin (D:10)
3 creatures vanquished.

Vanquished Creatures (others)
  A hornet zombie (D:8)
  7 plants
  2 starspawn tentacles (Abyss:2)
  5 withered plants (D:9)
15 creatures vanquished.

Grand Total: 284 creatures vanquished

Notes
Turn   | Place    | Note
-------+----------+-------------------------------------------
     0 | D:1      | jejorda2 the Merfolk Berserker began the quest for the Orb.
     0 | D:1      | Reached XP level 1. HP: 18/18 MP: 1/1
   244 | D:1      | Reached XP level 2. HP: 22/24 MP: 2/2
   466 | D:1      | Found a faded altar of an unknown god.
   887 | D:1      | Reached ** piety under Trog
   888 | D:1      | Reached skill level 4 in Long Blades
   888 | D:1      | Reached XP level 3. HP: 29/29 MP: 3/3
  1342 | D:1      | Reached XP level 4. HP: 23/37 MP: 4/4
  1968 | D:2      | Noticed a phantom
  1975 | D:2      | Killed a phantom
  1976 | D:2      | Reached skill level 5 in Long Blades
  1976 | D:2      | Reached XP level 5. HP: 42/42 MP: 5/5
  2622 | D:3      | Noticed Terence
  2633 | D:3      | Killed Terence
  2634 | D:3      | Found an ornate altar of the Wu Jian Council.
  2697 | D:3      | Found a glowing golden altar of the Shining One.
  2778 | D:3      | Reached XP level 6. HP: 48/49 MP: 6/6
  2927 | D:3      | Reached *** piety under Trog
  3061 | D:4      | Found a glowing drain.
  3096 | Sewer    | Entered a sewer
  3231 | Sewer    | Reached skill level 6 in Long Blades
  3316 | Sewer    | Found a white marble altar of Elyvilon.
  3473 | D:4      | Identified a scroll of acquirement
  3473 | D:4      | Acquired a manual of Shields
  3504 | D:4      | Found a sacrificial altar of Ru.
  3755 | D:4      | Reached skill level 5 in Fighting
  3755 | D:4      | Reached XP level 7. HP: 49/56 MP: 7/7
  4094 | D:4      | Found a hazy altar of Hepliaklqana.
  4094 | D:4      | Found a glowing silver altar of Zin.
  4130 | D:4      | Found a white marble altar of Elyvilon.
  4199 | D:5      | Entered Level 5 of the Dungeon
  4489 | D:5      | Noticed Pikel
  4515 | D:5      | Killed Pikel
  4516 | D:5      | Reached skill level 7 in Long Blades
  4516 | D:5      | Reached XP level 8. HP: 62/64 MP: 8/8
  4835 | D:5      | Reached skill level 8 in Long Blades
  5198 | D:5      | Reached skill level 1 in Shields
  5311 | D:5      | Found an opulent altar of Gozag.
  5508 | D:6      | Found a staircase to the Ecumenical Temple.
  5529 | D:6      | Found a runed translucent gate.
  5531 | D:6      | Found a runed translucent gate.
  5531 | D:6      | Found a runed translucent gate.
  5533 | D:6      | Found a runed translucent door.
  5533 | D:6      | Found a runed translucent door.
  5533 | D:6      | Noticed a redback
  5534 | D:6      | Noticed a redback
  5537 | D:6      | Noticed a redback
  5553 | D:6      | Found the +9 staff of Olgreb {rPois∞}
  5669 | D:6      | Reached **** piety under Trog
  5826 | D:6      | Found a radiant altar of Vehumet.
  6160 | D:7      | Reached skill level 9 in Long Blades
  6162 | D:7      | Found a bloodstained altar of Trog.
  6185 | D:7      | Reached skill level 5 in Shields
  6185 | D:7      | Reached XP level 9. HP: 69/69 MP: 9/9
  6385 | D:7      | Reached skill level 5 in Armour
  6469 | D:7      | Identified the ring "Ywnedub" {rC+ Stlth+}
  6967 | D:8      | Reached skill level 10 in Long Blades
  7178 | D:8      | Noticed a hornet
  7260 | D:8      | Reached skill level 11 in Long Blades
  7260 | D:8      | Reached XP level 10. HP: 76/76 MP: 10/10
  7579 | D:8      | Reached skill level 12 in Long Blades
  8667 | D:9      | Reached ***** piety under Trog
  8668 | D:9      | Reached skill level 13 in Long Blades
  8682 | D:9      | Found a shadowy altar of Dithmenos.
  8897 | D:9      | Noticed a two-headed ogre
  8906 | D:9      | Killed a two-headed ogre
  8950 | D:9      | Noticed Erolcha
  8959 | D:9      | Killed Erolcha
  8960 | D:9      | Reached skill level 14 in Long Blades
  8960 | D:9      | Reached XP level 11. HP: 65/81 MP: 11/11
  9091 | D:9      | Found Yrimid's Antique Armour Shoppe.
  9099 | D:9      | Bought a shiny chain mail for 142 gold pieces
  9614 | D:10     | Entered Level 10 of the Dungeon
  9770 | D:10     | Found a flagged portal.
  9777 | D:10     | Received a gift from Trog
  9787 | Bailey   | Entered a bailey
 10600 | Bailey   | Identified the +1 ring mail of the Gate {Str+6}
 10718 | D:10     | Found Juomee's General Store.
 10756 | D:10     | Noticed a two-headed ogre
 10774 | D:10     | Killed a two-headed ogre
 11048 | D:10     | Noticed a cyclops
 11058 | D:10     | Reached skill level 15 in Long Blades
 11064 | D:10     | Killed a cyclops
 11158 | D:10     | Found a staircase to the Lair.
 11281 | D:10     | Noticed a six-headed hydra
 11282 | D:10     | Noticed a cyclops
 11466 | D:10     | Found a runed translucent door.
 11648 | D:10     | Noticed robertstho's ghost (novice TrBe)
 11654 | D:10     | Found a transporter.
 11660 | D:10     | Noticed a skeletal warrior
 11665 | D:10     | Found a transporter.
 11674 | D:10     | Found a large runed translucent door.
 11679 | D:10     | Found a large runed translucent door.
 11975 | D:10     | Found an ancient bone altar of Kikubaaqudgha.
 11991 | D:10     | Reached skill level 10 in Shields
 12090 | D:10     | Found a sparkling altar of Nemelex Xobeh.
 12334 | D:10     | Cast into level 2 of the Abyss (skeletal warrior)
 12452 | Abyss:2  | Noticed a tentacled starspawn
 12471 | Abyss:2  | HP: 1/121 [tentacled starspawn (22)]
 12473 | Abyss:2  | Slain by a starspawn tentacle

Illustrated notes

Levels and vault maps discovered:
D:1:      heliophobic_arrival_dark_side_of_the_moon, layout_basic,
          ebering_ecumenical_altar_mist
D:2:      kennysheep_big_flooded_room, layout_loops_ring
D:3:      layout_rooms, nicolae_tso_swordbearing_angel,
          overflow_temple_1_default, uniq_terence
D:4:      layout_loops_cross, gammafunk_temple_overflow_elements,
          marbit_many_paths, nicolae_elyvilon_temple_path,
          lightli_sewer_entry_pipes
D:5:      layout_rooms, nicolae_gozag_seed_capital, bh_walls_and_bars,
          uniq_pikel
D:6:      layout_cave_pools, vehumet_crystals, minmay_temple_entry_trees,
          minmay_guarded_unrand_staff_of_olgreb
D:7:      layout_cave_pools, bloody_trog, minmay_checkerbox
D:8:      layout_gridville
D:9:      layout_basic, grunt_dithmenos_shadows, serial_shops,
          nicolae_shop_competitors_out_of_business, serial_undead,
          serial_undead_e, serial_undead_a, serial_undead_e, serial_undead_e,
          uniq_erolcha
D:10:     layout_roguey, jmf_multi_god_temple2, erik_lair_orcish_takeover,
          enter_bailey_4, serial_shops, kennysheep_mini_moat,
          gammafunk_ghost_abyssal_escape, minmay_st_funbox
D:11:     layout_basic, orc_0_dummy, serial_shops, nicolae_shop_waterfront
Abyss:2:  base:
D:4

Skill      XL: |  1  2  3  4  5  6  7  8  9 10 11 |
---------------+----------------------------------+-----
Long Blades    | 4 5 6 7 9 11 14 15 | 15.5
Armour         | 2 3 4 6 |  6.0
Fighting       | 4 5 6 |  6.0
Shields        | 5 7 10 | 10.3
Dodging        | |  2.6

Action                   |  1- 3 |  4- 6 |  7- 9 | 10-12 || total
-------------------------+-------+-------+-------+-------++-------
Melee: Falchion          |    84 |   284 |   221 |       ||   589
       Tailslap          |       |     9 |       |    12 ||    21
       Long sword        |       |       |    93 |   514 ||   607
Throw: Dart              |       |       |    15 |    22 ||    37
       Throwing net      |       |       |     1 |       ||     1
       Boomerang         |       |       |       |     2 ||     2
Invok: Berserk           |     1 |     2 |     5 |     4 ||    12
       Trog's Hand       |     1 |     1 |     1 |     5 ||     8
       Brothers in Arms  |       |       |       |     2 ||     2
Evoke: Wand              |       |       |       |     3 ||     3
       Lightning rod     |       |       |       |     3 ||     3
  Use: Scroll            |       |    10 |     4 |    10 ||    24
Armor: Animal skin       |     6 |       |       |       ||     6
       Plate armour      |    49 |    54 |       |    37 ||   140
       Chain mail        |       |   108 |   139 |   125 ||   372
Dodge: Dodged            |    36 |   117 |   113 |   136 ||   402
       Repelled          |       |       |       |     1 ||     1
Block: Buckler           |       |       |   100 |   200 ||   300
       Other             |       |       |    12 |       ||    12
       Reflection        |       |       |     1 |     6 ||     7
       Kite shield       |       |       |       |    94 ||    94
       Rpst.: Falchion   |    11 |    37 |    28 |       ||    76
       Long sword        |       |       |    11 |    33 ||    44

Table legend: (Time is in decaauts)
 A = Elapsed time spent in this place.
 B = Non-inter-level travel time spent in this place.
 C = Inter-level travel time spent in this place.
 D = Time resting spent in this place.
 E = Time spent auto-exploring this place.
 F = Levels seen in this place.
 G = Mean time per level.
                   A        B        C        D        E       F      G
               +--------+--------+--------+--------+--------+-----+--------+
         Total |  12302 |  11939 |    363 |   1333 |   8021 |  14 |  878.7 |
       Dungeon |  11079 |  10716 |    363 |   1058 |   7577 |  11 | 1007.2 |
         Abyss |    134 |    134 |      0 |     38 |      0 |   1 |  134.0 |
         Sewer |    255 |    255 |      0 |     19 |    159 |   1 |  255.0 |
        Bailey |    832 |    832 |      0 |    218 |    284 |   1 |  832.0 |
               +--------+--------+--------+--------+--------+-----+--------+

Top non-repeatable levels by time:
    D:10: 1716 daAuts
     D:8: 1656 daAuts
     D:1: 1370 daAuts
     D:5: 1294 daAuts
     D:9: 1121 daAuts
     D:2: 1027 daAuts
     D:4: 905 daAuts
  Bailey: 832 daAuts
     D:7: 795 daAuts
     D:3: 623 daAuts
     D:6: 569 daAuts
   Sewer: 255 daAuts
 Abyss:2: 134 daAuts
    D:11: 1 daAuts
